 Dungeon Crawl Stone Soup version 0.18.1-8-gdd0e5ea (webtiles) character file.

2586 deorigin the Transmogrifier (level 9, 0/70 HPs)
             Began as a Naga Transmuter on May 23, 2016.
             Was a Believer of Cheibriados.
             Killed by divine providence
             ... invoked by an orc priest
              (15 damage)
             ... on level 7 of the Dungeon.
             The game lasted 00:25:35 (6995 turns).

deorigin the Transmogrifier (Naga Transmuter)       Turns: 6995, Time: 00:25:36

Health: 0/70       AC: 10    Str: 17    XL:     9   Next: 58%
Magic:  17/17      EV: 13    Int: 22    God:    Cheibriados [**....]
Gold:   49         SH:  0    Dex: 17    Spells: 5 memorised, 3 levels left

rFire  . . .     SeeInvis +       - Unarmed
rCold  . . .     Gourm    .     F - +0 robe {Archmagi}
rNeg   . . .     Faith    .     (no shield)
rPois  +         Spirit   .     x - +0 helmet
rElec  .         Dismiss  .     t - +0 cloak
rCorr  .         Reflect  .     k - +0 pair of gloves
SustAt .         Harm     .     (no barding)
MR     +....                    p - amulet of regeneration
Stlth  ++........               K - +3 ring of evasion
                                L - +3 ring of protection

@: very slow, somewhat resistant to hostile enchantments, unstealthy
A: see invisible, deformed body, poison resistance, slowness 2, slow metabolism
1, spit poison 2, AC +3
a: Spit Poison, Bend Time, Renounce Religion


You were on level 7 of the Dungeon.
You worshipped Cheibriados.
Cheibriados was pleased with you.
You were not hungry.

You visited 2 branches of the dungeon, and saw 8 of its levels.

You collected 229 gold pieces.
You spent 180 gold pieces at shops.

Inventory:

Hand Weapons
 B - a +0 blowgun
Missiles
 a - 147 arrows
 A - 20 poisoned needles
 D - 5 tomahawks (quivered)
Armour
 b - a +0 robe
 e - a +0 leather armour of fire resistance
 k - a +0 pair of gloves (worn)
 r - a +0 scale mail
 t - a +0 cloak (worn)
 x - a +0 helmet (worn)
 F - a +0 robe of the Archmagi (worn)
Magical Staves
 v - an uncursed staff of power
Jewellery
 p - an amulet of regeneration (around neck)
 K - a +3 ring of evasion (right hand)
 L - a +3 ring of protection (left hand)
Wands
 C - a wand of teleportation (4/9)
Scrolls
 g - 3 scrolls of immolation
 h - a scroll of amnesia {unknown}
 i - 3 scrolls of remove curse
 j - a scroll of enchant armour {unknown}
 l - 3 scrolls of random uselessness
 m - a scroll of enchant weapon {unknown}
 n - 2 scrolls of blinking {unknown}
 o - a scroll of teleportation {unknown}
 y - 2 scrolls of magic mapping {unknown}
 z - a scroll of fog {unknown}
Potions
 f - 2 potions of curing
 u - a potion of magic
 w - a potion of ambrosia
 E - a potion of agility
 H - a potion of heal wounds
 I - 2 potions of invisibility
Books
 c - a book of Changes

   Spells                             Type                      Level
   a - Beastly Appendage              Transmutation                1
   b - Sticks to Snakes               Transmutation                2
   c - Spider Form                    Transmutation/Poison         3
   d - Ice Form                       Ice/Transmutation            4
   e - Blade Hands                    Transmutation                5
Comestibles
 d - 7 bread rations
 q - 5 meat rations
 s - a fruit
 G - 3 chunks of flesh
 J - a beef jerky


   Skills:
 - Level 1.0 Fighting
 + Level 2.0 Dodging
 * Level 1.4 Stealth
 + Level 3.3 Unarmed Combat
 - Level 5.3 Spellcasting
 - Level 10.3 Transmutations
 - Level 3.4 Ice Magic
 - Level 3.6 Poison Magic


You had 3 spell levels left.
You knew the following spells:

 Your Spells              Type           Power        Failure   Level  Hunger
a - Beastly Appendage     Trmt           ######       1%          1    None
b - Sticks to Snakes      Trmt           ######..     1%          2    None
c - Spider Form           Trmt/Pois      ######....   1%          3    ##.....
d - Blade Hands           Trmt           ######....   4%          5    #####..
e - Ice Form              Ice/Trmt       ######..     8%          4    ####...


Dungeon Overview and Level Annotations

Branches:
Dungeon (7/15)             Temple (1/1) D:4

Altars:
Ashenzari
Cheibriados
Dithmenos
Elyvilon
Fedhas
Gozag
Kikubaaqudgha
Makhleb
Nemelex Xobeh
Okawaru
Qazlal
Ru
Sif Muna
Trog
Vehumet
Xom
Yredelemnul
The Shining One

Shops:
D:4 *   D:5 [   D:6 (%=[

Annotations:
D:4 Yehuk's ghost, amateur DEFE


Innate Abilities, Weirdness & Mutations

You cannot wear boots.
Your serpentine skin is tough (AC +3).
You have supernaturally acute eyesight.
Armour fits poorly on your strangely shaped body.
Your system is resistant to poisons.
You cover ground very slowly.
You have a slow metabolism.
You can spit poison.


Message History

A giant gecko comes into view.
The orc priest shouts!
You hit the orc.
You kill the orc!
Cheibriados thoroughly appreciates the change of pace.
The giant gecko moves out of view.
The orc priest mumbles some strange prayers to Beogh against you.
Beogh smites you!
The orc priest mumbles some strange prayers to Beogh against you.
Beogh smites you! The orc hits you with a short sword.
The orc priest calls down the wrath of Beogh upon you.
Beogh smites you!
* * * LOW HITPOINT WARNING * * *
The orc barely misses you.
An orc comes into view. It is wielding an enchanted dagger.
The orc priest looks braver for a moment.
The orc priest calls down the wrath of Beogh upon you.
Beogh smites you!
You die...

....... >. .o..? ... .o..
.##.# .o# #.##.# ######.##
.. #.# . #......)# #.# #.##
.... #......l#
..###..##....
####......o###.##.<........
....$...>..@...##.)).......
#...........###..........
##........#...........###
..........###..........##
..........#.##.........#
..##.######..###.......# .
...#........##.)###.## ...
#.<...♣......# .# ...
#.))...[.##...# #


You could see 2 orc priests, 2 orcs and a giant gecko.

Vanquished Creatures
  Pikel (D:4)
  A water moccasin (D:6)
  Duvessa (D:4)
  2 sky beasts
  A slave (D:3)
  2 orc warriors
  2 ogres
  4 centaurs
  A giant frog (D:6)
  A water moccasin zombie (D:6)
  3 crimson imps
  A giant frog zombie (D:6)
  A centaur skeleton (D:4)
  A centaur zombie (D:6)
  An orc priest (D:6)
  Crazy Yiuf (D:2)
  A giant frog skeleton (D:6)
  4 hounds
  Natasha (twice) (D:3)
  An iguana (D:6)
  3 orc wizards
  5 worker ants
  A hound zombie (D:6)
  Robin (D:3)
  9 adders
  2 shadow imps
  A dart slug (D:1)
  2 giant geckos
  19 orcs
  6 giant cockroaches
  15 goblins
  6 hobgoblins
  4 jackals (D:6)
  3 quokkas
  4 bats
  8 giant newts
  A jackal skeleton (D:4)
  6 kobolds
  6 rats
134 creatures vanquished.

Vanquished Creatures (others)
  A sky beast (D:5)
  Dowan (D:4)
  An adder (D:4)
  A plant (D:6)
4 creatures vanquished.

Grand Total: 138 creatures vanquished

Notes
Turn   | Place    | Note
--------------------------------------------------------------
     0 | D:1      | deorigin the Naga Transmuter began the quest for the Orb.
     0 | D:1      | Reached XP level 1. HP: 18/18 MP: 3/3
   436 | D:1      | Reached XP level 2. HP: 21/25 MP: 3/5
   443 | D:1      | Learned a level 2 spell: Sticks to Snakes
   502 | D:1      | Reached skill level 3 in Transmutations
  1053 | D:2      | Reached XP level 3. HP: 29/31 MP: 4/6
  1228 | D:2      | Found a glowing golden altar of the Shining One.
  1463 | D:2      | Noticed Crazy Yiuf
  1473 | D:2      | Killed Crazy Yiuf
  1473 | D:2      | Reached skill level 4 in Transmutations
  1473 | D:2      | Reached XP level 4. HP: 13/38 MP: 5/7
  1525 | D:2      | Learned a level 3 spell: Spider Form
  1596 | D:2      | Reached skill level 1 in Poison Magic
  1838 | D:2      | Found a basalt altar of Yredelemnul.
  1842 | D:2      | Noticed a profane servitor
  1861 | D:2      | Noticed an angel
  1903 | D:3      | Noticed Robin
  1923 | D:3      | Killed Robin
  2023 | D:3      | Noticed Natasha
  2034 | D:3      | Killed Natasha
  2034 | D:3      | Reached XP level 5. HP: 12/44 MP: 8/8
  2340 | D:3      | Found a radiant altar of Vehumet.
  2370 | D:3      | Noticed Natasha
  2387 | D:3      | Killed Natasha
  2865 | D:4      | Reached skill level 5 in Transmutations
  2939 | D:4      | Noticed an ogre
  2951 | D:4      | Killed an ogre
  2951 | D:4      | Reached XP level 6. HP: 51/51 MP: 5/9
  3130 | D:4      | Reached skill level 6 in Transmutations
  3245 | D:4      | Found a staircase to the Ecumenical Temple.
  3260 | D:4      | Noticed a slave
  3261 | D:4      | Noticed a slave
  3262 | D:4      | Noticed a slave
  3311 | D:3      | Killed a slave
  3390 | D:4      | Noticed Pikel
  3392 | D:4      | Noticed a slave
  3406 | D:4      | Killed Pikel
  3406 | D:4      | Reached skill level 8 in Transmutations
  3406 | D:4      | Reached XP level 7. HP: 24/57 MP: 7/10
  3406 | D:4      | Reached XP level 8. HP: 27/64 MP: 7/11
  3474 | D:4      | Learned a level 5 spell: Blade Hands
  3496 | D:4      | Killed Dowan
  3533 | D:4      | Noticed Yehuk's ghost (amateur DEFE)
  3775 | D:4      | Found Oxoqul's General Store.
  3865 | D:4      | Noticed Duvessa
  3879 | D:4      | Killed Duvessa
  4045 | Temple   | Entered the Ecumenical Temple
  4055 | Temple   | Became a worshipper of Cheibriados the Contemplative
  4183 | D:5      | Entered Level 5 of the Dungeon
  4280 | D:5      | Learned a level 4 spell: Ice Form
  4434 | D:5      | Found a sacrificial altar of Ru.
  4435 | D:5      | Found a sparkling altar of Nemelex Xobeh.
  4457 | D:5      | Reached skill level 5 in Spellcasting
  4562 | D:5      | Found Ugugat's Antique Armour Emporium.
  4677 | D:5      | Found a shattered altar of Ashenzari.
  4680 | D:5      | Found a shadowy altar of Dithmenos.
  4682 | D:5      | Found a stormy altar of Qazlal.
  4693 | D:5      | Found a deep blue altar of Sif Muna.
  4912 | D:6      | Found Diodayny's Weapon Boutique.
  4969 | D:6      | Reached skill level 9 in Transmutations
  5098 | D:6      | Found Uthrisa's Armour Shop.
  5292 | D:6      | Reached XP level 9. HP: 57/70 MP: 11/16
  5413 | D:6      | Reached * piety under Cheibriados
  5548 | D:6      | Reached skill level 10 in Transmutations
  5728 | D:6      | Reached skill level 1 in Ice Magic
  6317 | D:6      | Reached ** piety under Cheibriados
  6329 | D:6      | Found an ancient bone altar of Kikubaaqudgha.
  6331 | D:6      | Found a blossoming altar of Fedhas.
  6338 | D:6      | Found Avuafo's Food Shop.
  6341 | D:6      | Bought a bread ration for 60 gold pieces
  6341 | D:6      | Bought a bread ration for 60 gold pieces
  6341 | D:6      | Bought a bread ration for 60 gold pieces
  6681 | D:6      | Found Bebbaetz's Jewellery Emporium.
  6834 | D:7      | Reached skill level 1 in Stealth
  6995 | D:7      | Killed from afar by an orc priest

Skill      XL: |  1  2  3  4  5  6  7  8  9 |
---------------+----------------------------+-----
Transmutations | 3 4 5 8 9 10 | 10.3
Poison Magic   | 3 |  3.6
Spellcasting   | 5 |  5.3
Ice Magic      | 3 |  3.4
Stealth        | 1 |  1.4
Dodging        | 2 |  2.0
Fighting       | |  1.0
Unarmed Combat | |  3.3

Action                   |  1- 3 |  4- 6 |  7- 9 || total
-------------------------+-------+-------+-------++-------
Melee: Unarmed           |    54 |   172 |   301 ||   527
       Headbutt          |     4 |     6 |       ||    10
       Punch             |       |       |     2 ||     2
 Fire: Blowgun           |       |    10 |       ||    10
 Cast: Beastly Appendage |    10 |     8 |       ||    18
       Spider Form       |       |     4 |    12 ||    16
       Blade Hands       |       |       |    15 ||    15
 Abil: Spit Poison       |    21 |    30 |    17 ||    68
  Use: Scroll            |       |     6 |     4 ||    10
  Eat: Chunk             |     2 |     8 |    13 ||    23
       Fruit             |       |       |     2 ||     2
       Beef jerky        |       |       |     1 ||     1
Armor: Robe              |    11 |    39 |   109 ||   159
       Skin              |       |     4 |     6 ||    10
Dodge: Dodged            |    30 |   112 |   268 ||   410
